 Dungeon Crawl Stone Soup version 0.25-a0-992-gca090100c3 (webtiles) character file.

Game seed: 17796401780291235376, levelgen mode: deterministic

595 Flugslaktarn the Chopper (level 7, 0/61 HPs)
             Began as a Minotaur Fighter on May 10, 2020.
             Slain by a shadow imp (3 damage)
             ... summoned by Eustachio
             ... on level 6 of the Dungeon.
             The game lasted 00:01:03 (2544 turns).

Flugslaktarn the Chopper (Minotaur Fighter)         Turns: 2544, Time: 00:01:03

Health: 0/61       AC:  7    Str: 21    XL:     7   Next: 16%
Magic:  6/6        EV:  7    Int:  5    God:
Gold:   144        SH: 10    Dex: 11    Spells: 6/6 levels left

rFire    . . .     SeeInvis .   a - +0 war axe
rCold    . . .     Gourm    .   c - +0 kite shield
rNeg     . . .     Faith    .   b - +0 scale mail
rPois    .         Spirit   .   (helmet restricted)
rElec    .         Reflect  .   (no cloak)
rCorr    .         Harm     .   (no gloves)
MR       .....                  (no boots)
Stlth    ..........             (no amulet)
HPRegen  0.20/turn              (no ring)
MPRegen  0.10/turn              (no ring)

@: mighty
A: retaliatory headbutt, horns 2
a: no special abilities


You were on level 6 of the Dungeon.
You were very hungry.

You visited 1 branch of the dungeon, and saw 6 of its levels.

You collected 144 gold pieces.

Inventory:

Hand Weapons
 a - a +0 war axe (weapon)
Armour
 b - a +0 scale mail (worn)
 c - a +0 kite shield (worn)
Jewellery
 m - a cursed -5 ring of protection {unknown}
   (You found it on level 4 of the Dungeon)
 p - an uncursed ring of ice {unknown}
   (You found it on level 5 of the Dungeon)
Scrolls
 g - 2 scrolls of teleportation {unknown}
 h - a scroll of fear {unknown}
 j - 2 scrolls of enchant weapon {unknown}
 k - a scroll of magic mapping {unknown}
 l - a scroll of fog {unknown}
 n - 2 scrolls of remove curse {unknown}
 q - a scroll of silence {unknown}
 r - 2 scrolls of identify {unknown}
Potions
 i - a potion of heal wounds {unknown}
 s - a potion of berserk rage {unknown}
Comestibles
 e - 3 rations


   Skills:
 + Level 5.4 Fighting
 * Level 6.3 Axes
 + Level 5.5 Armour
 + Level 5.4 Shields


You had 6 spell levels left.
You didn't know any spells.
Your spell library was empty.

Dungeon Overview and Level Annotations

Branches:
Dungeon (6/15)
 Temple: D:4-7

Altars:
Fedhas
Sif Muna
The Shining One

Annotations:
D:1 1 runed translucent door
D:6 Eustachio


Innate Abilities, Weirdness & Mutations

You reflexively headbutt those who attack you in melee.
You have a pair of horns on your head.


Message History

Eustachio zaps a wand.
You block the puff of flame.
You miss Eustachio.
Eustachio is heavily wounded.
You hit the river rat. You closely miss the shadow imp.
You slash the white imp!
You kill the white imp!
You slash the white imp! The bat hits you but does no damage.
The river rat closely misses you. The bat hits you but does no damage.
The shadow imp hits you but does no damage.
The white imp hits you but does no damage.
Eustachio hits you but does no damage.
You miss Eustachio.
Eustachio is heavily wounded.
You barely miss the white imp. You hit the bat.
You kill the bat!
The bat's corpse disappears in a puff of smoke!
You closely miss the shadow imp. You barely miss the river rat.
You block the bat's attack. The river rat completely misses you.
You furiously retaliate!
You headbutt the river rat. The shadow imp hits you.
You die...

#.. #.######
.## #......#
....###
#......#
.......####
#......#
#.<..###.....
####$..#..#
###..5###.#
##.b@r..#
#...5@#..#
.......r#
....
##......#
.... ##.....#
... #######
##


You could see Eustachio, a river rat (summoned), a white imp (summoned), a
shadow imp (summoned), a quokka (summoned) and a bat (summoned).

Vanquished Creatures
  A phantom (D:5)
  A bullfrog (D:4)
  A scorpion (D:5)
  2 crimson imps (D:5)
  2 orc priests (D:4)
  A hound (D:4)
  An orc wizard (D:4)
  4 worker ants (D:4)
  8 adders
  2 adder skeletons (D:4)
  2 worms
  2 dart slugs (D:3)
  12 orcs
  3 goblins (D:2)
  3 hobgoblins
  2 quokkas (D:5)
  A frilled lizard (D:3)
  A giant cockroach zombie (D:5)
  2 leopard gecko skeletons (D:4)
  2 rats
  A butterfly (D:2)
54 creatures vanquished.

Notes
Turn   | Place    | Note
-------+----------+-------------------------------------------
     0 | D:1      | Flugslaktarn the Minotaur Fighter began the quest for the
                  | Orb.
     0 | D:1      | Reached XP level 1. HP: 19/19 MP: 0/0
     1 | D:1      | Found a runed translucent door.
     1 | D:1      | Noticed a jelly
    28 | D:2      | Reached XP level 2. HP: 22/27 MP: 1/1
    93 | D:2      | Reached skill level 3 in Axes
   117 | D:3      | Reached XP level 3. HP: 19/33 MP: 2/2
   411 | D:4      | Reached XP level 4. HP: 26/40 MP: 3/3
   417 | D:4      | Reached skill level 4 in Axes
   617 | D:4      | Reached XP level 5. HP: 44/47 MP: 4/4
   687 | D:4      | Reached skill level 5 in Axes
   877 | D:4      | Reached XP level 6. HP: 49/55 MP: 5/5
  1009 | D:4      | Reached skill level 5 in Armour
  1009 | D:4      | Reached skill level 5 in Shields
  1103 | D:4      | Reached skill level 5 in Fighting
  1222 | D:4      | Found a shimmering blue altar of Sif Muna.
  1257 | D:4      | Found a glowing golden altar of the Shining One.
  1458 | D:5      | Entered Level 5 of the Dungeon
  1746 | D:5      | Reached skill level 6 in Axes
  1965 | D:5      | Found a blossoming altar of Fedhas.
  2017 | D:5      | Reached XP level 7. HP: 58/61 MP: 6/6
  2521 | D:6      | Noticed Eustachio
  2542 | D:6      | HP: 3/61 [white imp/puff of frost[Eustachio] (5)]
  2544 | D:6      | Slain by a shadow imp

Illustrated notes

Levels and vault maps discovered:
D:1:      dpeg_arrival_caged_fury, layout_loops_ring, minmay_pentomino_z4
D:2:      layout_rooms, lemuel_crystal_altar, xom_butterflies
D:3:      layout_rooms, nemelex_altar_shiori, uniq_terence
D:4:      layout_basic, led_sif_pool, serial_park_tiny_pond,
          nicolae_tso_carved_into_rock
D:5:      layout_loops_ring, kennysheep_mini_moat, first_ration
D:6:      layout_rooms, nicolae_dithmenos_shadow_blocks, old_standard_altar,
          basic_altar, uniq_edmund, uniq_eustachio, uniq_duvessa

Skill      XL: |  1  2  3  4  5  6 |
---------------+-------------------+-----
Axes           | 3 4 5 6 |  6.3
Fighting       | 4 5 |  5.4
Armour         | 4 5 |  5.5
Shields        | 4 5 |  5.4

Action                   |  1- 3 |  4- 6 |  7- 9 || total
-------------------------+-------+-------+-------++-------
Melee: War axe           |    45 |    96 |    41 ||   182
       Headbutt          |     4 |    23 |    10 ||    37
  Use: Potion            |       |       |     2 ||     2
  Eat: Ration            |       |     1 |       ||     1
       Chunk             |       |     1 |       ||     1
Armor: Scale mail        |    13 |    35 |    21 ||    69
Dodge: Dodged            |    12 |    22 |    19 ||    53
Block: Kite shield       |    23 |    47 |    28 ||    98

Table legend:
 A = Non-vault XP
 B = Vault XP
 C = Vault XP percentage of total XP
 D = Non-vault monster count
 E = Vault monster count
 F = Vault count percentage of total count
                 A         B        C        D         E       F
            +---------+---------+-------+---------+---------+-------
      Total |     850 |       0 |   0.0 |      53 |       0 |   0.0
            +---------+---------+-------+---------+---------+-------
        D:1 |       1 |       0 |   0.0 |       1 |       0 |   0.0
        D:2 |      41 |       0 |   0.0 |       8 |       0 |   0.0
        D:3 |      26 |       0 |   0.0 |       6 |       0 |   0.0
        D:4 |     437 |       0 |   0.0 |      23 |       0 |   0.0
        D:5 |     345 |       0 |   0.0 |      15 |       0 |   0.0
            +---------+---------+-------+---------+---------+-------
